 Dungeon Crawl Stone Soup version 0.32-a0-86-g8db1b9f803 (webtiles) character file.

Game seed: 15078485247417718041

77 cforsyth the Magician (level 4, 0/35 HPs)
             Began as a Djinni Warper on Feb 5, 2024.
             Slain by a river rat (9 damage)
             ... in a sewer.
             The game lasted 00:02:30 (1840 turns).

cforsyth the Magician (Djinni Warper)               Turns: 1840, Time: 00:02:31

Health: 0/35       AC:  3    Str: 10    XL:     4   Next: 60%
Gold:   124        EV: 11    Int: 16    God:
                   SH:  0    Dex: 13

rFire   + + .        o - +1 dagger (elec)
rCold   x . .        (no shield)
rNeg    . . .        b - +0 leather armour
rPois   ∞            (no helmet)
rElec   .            (no cloak)
rCorr   .            (no gloves)
SInv    .            (boots unavailable)
Will    +....        i - amulet of regeneration
Stlth   +            m - ring of willpower
HPRegen 1.05/turn    (no ring)
MPRegen 0.00/turn

%: infuse magic (-1 HP)
@: flying
A: sickness immunity, fire resistance 2, cold vulnerability 1, float, innate
caster, HP casting, extra vitality 1
a: no special abilities


You were in a sewer.
You visited 1 branch of the dungeon, and saw 3 of its levels.
You also visited: Sewer.

You collected 124 gold pieces.

Inventory:

Hand Weapons
 a - a +0 falchion
 o - a +1 dagger of electrocution (weapon)
Missiles
 d - 6 darts of dispersal
Armour
 b - a +0 leather armour (worn)
Jewellery
 i - an amulet of regeneration (around neck)
 m - a ring of willpower (left hand)
Scrolls
 c - a scroll of blinking
 e - a scroll of acquirement {unknown}
 f - a scroll of poison
 g - a scroll of vulnerability {unknown}
 h - a scroll of revelation
 l - 2 scrolls of noise {unknown}
Potions
 j - a potion of mutation {unknown}
 k - a potion of brilliance {unknown}
 n - a potion of haste {unknown}


   Skills:
 + Level 3.4 Fighting
 - Level 1.7 Long Blades
 - Level 0.7 Throwing
 - Level 1.0 Armour
 - Level 2.1 Dodging
 + Level 3.6 Spellcasting
 + Level 3.6 Conjurations
 + Level 3.6 Hexes
 + Level 3.6 Summonings
 + Level 3.6 Necromancy
 + Level 3.6 Translocations
 + Level 3.6 Fire Magic
 + Level 3.6 Ice Magic
 + Level 3.6 Air Magic
 + Level 3.6 Earth Magic
 + Level 3.6 Alchemy


You knew the following spells:

 Your Spells              Type           Power      Damage    Failure   Level
a - Blink                 Tloc           28%        N/A       9%          2
b - Lesser Beckoning      Tloc           28%        N/A       9%          2
c - Teleport Other        Tloc           14%        N/A       16%         3
d - Manifold Assault      Tloc           14%        N/A       47%         4
e - Vhi's Electric Charg  Tloc/Air       28%        N/A       47%         4
f - Sandblast             Erth           28%        2d8       5%          1
Your spell library was empty.

Dungeon Overview and Level Annotations

Branches:
Dungeon (3/15)              Sewer (1/1)

Altars:
Elyvilon
Nemelex Xobeh
Qazlal

Shops:
D:1 (

Annotations:
D:3 1 runed translucent door


Innate Abilities, Weirdness & Mutations

You are immune to sickness and miasma.
You are immune to poison.
Your flesh is very heat resistant. (rF++)
You are vulnerable to cold. (rC-)
You float through the air rather than walking.
You learn spells naturally, not from books.
Your magical power is your life essence.
You have superior vitality. (+4 MHP)


Message History

You kill the rat!
The blast of sand hits the river rat.
The river rat is moderately wounded.
The blast of sand hits the river rat.
The river rat is heavily wounded.
The blast of sand hits the river rat.
The river rat is severely wounded.
The rat bites you.
A rat comes into view.
The river rat closely misses you. The rat bites you. The river rat bites you!
Casting: Sandblast (safe; 5% risk of failure)
Confirm with . or Enter, or press ? or * to list all spells.
Aiming: Sandblast (safe; 5% risk of failure)
Press: ? - help, Shift-Dir - straight line, f/p - river rat
Aim: a river rat (severely wounded, 80% to hit)
The blast of sand hits the river rat.
The river rat is severely wounded.
The rat squeaks loudly.
The rat bites you. The river rat barely misses you. The river rat bites you.
Casting: Sandblast (safe; 5% risk of failure)
Confirm with . or Enter, or press ? or * to list all spells.
Aiming: Sandblast (safe; 5% risk of failure)
Press: ? - help, Shift-Dir - straight line, f/p - river rat
Aim: a river rat (severely wounded, 80% to hit)
The blast of sand hits the river rat!
You kill the river rat!
The rat closely misses you. The river rat bites you!
The rat closely misses you. The river rat bites you.
Casting: Sandblast (safe; 5% risk of failure)
Confirm with . or Enter, or press ? or * to list all spells.
Aiming: Sandblast (safe; 5% risk of failure)
Press: ? - help, Shift-Dir - straight line, f - river rat
Aim: a river rat (80% to hit)
The blast of sand hits the river rat.
The river rat is moderately wounded.
* * * LOW HITPOINT WARNING * * *
The rat bites you.
* * * LOW HITPOINT WARNING * * *
The river rat bites you!
You die...

# ~# ~ ..# ~~
†~.# ~~~# ##.~~#
~..~.#####†r...#
#....~∩~@r.~#
##...∩~.r###
#########


You could see a river rat and 2 rats.

Vanquished Creatures
  A gnoll (D:1)
  An adder (D:2)
  A river rat (Sewer)
  A dart slug (D:1)
  A ribbon worm (D:2)
  2 giant cockroaches (D:3)
  7 goblins
  2 hobgoblins
  6 jackals (D:1)
  A quokka (D:2)
  5 ball pythons
  6 bats
  A frilled lizard (D:1)
  7 kobolds
  4 rats
46 creatures vanquished.

Notes
Turn   | Place    | Note
-------+----------+-------------------------------------------
     0 | D:1      | cforsyth the Djinni Warper began the quest for the Orb.
     0 | D:1      | cforsyth set off with the following spells memorised:
                  | Blink, Lesser Beckoning, Teleport Other, Manifold Assault,
                  | Vhi's Electric Charge.
     0 | D:1      | Reached XP level 1. HP: 18/18 MP: 0/0
    63 | D:1      | Found Roruh's Weapon Shop.
   354 | D:1      | Reached XP level 2. HP: 18/23 MP: 0/0
   507 | D:1      | You are sucked into a shaft and drop 1 floor!
   612 | D:2      | Reached XP level 3. HP: 16/29 MP: 0/0
   612 | D:2      | Learned a level 1 spell: Sandblast
  1155 | D:2      | Reached XP level 4. HP: 33/35 MP: 0/0
  1405 | D:2      | Found a stormy altar of Qazlal.
  1787 | D:3      | Found a white marble altar of Elyvilon.
  1797 | D:3      | Found a runed translucent door.
  1803 | D:3      | Found a sparkling altar of Nemelex Xobeh.
  1822 | D:3      | Found a glowing drain.
  1831 | Sewer    | Entered a sewer
  1840 | Sewer    | Slain by a river rat

Illustrated notes

Levels and vault maps discovered:
D:1:      sevenhm_arrival_forest_fort_small_5, layout_basic, serial_shops,
          nicolae_shop_trees, minmay_misc_feat_nine_boxes
D:2:      minmay_angry_zag, layout_loops_corners, basic_altar,
          minmay_misc_feat_secret_circle
D:3:      layout_basic, grunt_temple_overflow_open, ebering_ghost_sewer_f,
          cheibrodos_sewer_entry_drain, minmay_misc_feat_doors, uniq_grinder
Sewer:    sewer_hellmonk_bad_rat

Skill      XL: |  1  2  3 |
---------------+----------+-----
Spellcasting   | 3 |  3.6
Conjurations   | 3 |  3.6
Hexes          | 3 |  3.6
Summonings     | 3 |  3.6
Necromancy     | 3 |  3.6
Translocations | 3 |  3.6
Fire Magic     | 3 |  3.6
Ice Magic      | 3 |  3.6
Air Magic      | 3 |  3.6
Earth Magic    | 3 |  3.6
Alchemy        | 3 |  3.6
Fighting       | 3 |  3.4
Long Blades    | |  1.7
Throwing       | |  0.7
Armour         | |  1.0
Dodging        | |  2.1

Action                     |  1- 3 |  4- 6 || total
---------------------------+-------+-------++-------
  Melee: Falchion          |    50 |       ||    50
         Punch             |     2 |       ||     2
  Throw: Dart              |     1 |       ||     1
   Cast: Sandblast         |    21 |    32 ||    53
    Use: Scroll            |       |     2 ||     2
 Armour: Leather armour    |    58 |    16 ||    74
  Dodge: Dodged            |    39 |     8 ||    47

Table legend: (Time is in decaauts)
 A = Elapsed time spent in this place.
 B = Non-inter-level travel time spent in this place.
 C = Inter-level travel time spent in this place.
 D = Time resting spent in this place.
 E = Time spent auto-exploring this place.
 F = Levels seen in this place.
 G = Mean time per level.
                   A        B        C        D        E       F      G
               +--------+--------+--------+--------+--------+-----+--------+
         Total |   1875 |   1819 |     56 |      0 |   1501 |   4 |  468.8 |
       Dungeon |   1863 |   1807 |     56 |      0 |   1501 |   3 |  621.0 |
         Sewer |     11 |     11 |      0 |      0 |      0 |   1 |   11.0 |
               +--------+--------+--------+--------+--------+-----+--------+

Top non-repeatable levels by time:
     D:1: 958 daAuts
     D:2: 855 daAuts
     D:3: 50 daAuts
   Sewer: 11 daAuts
